1v1 semois I'm not that good to call a cheater

Match 36806737
End
Kradschützen Motorcycle Team
Panzergrenadier Squad
Construct Light Support Kompanie
Assault Grenadier Squad
MG34 Team
Fire Support Elements
Assault Mechanized Group
Pak 38 Anti-tank Gun Team
Construct Mechanized Kompanie
Vehicle Survival Package
Selects Italian Infantry
Selects Guastatori Squad
Guastatori Squad
Marder III Tank Destroyer
Veteran Squad Leaders
StuG III D Assault Gun
Selects Registered Artillery
Selects Towed Cannone da 105/28 Field Howitzer
254 Reconnaissance Tractor
18-tonne Recovery Half-track
geeroc
Zerikotep
0
0

Comments sign in to comment!

No comments posted yet!